 Dungeon Crawl Stone Soup version 0.26-a0-682-g294304f6e8 (webtiles) character file.

Game seed: 9215010552918292202

585 DogServant the Ruffian (level 7, 59/59 HPs)
             Began as a Pale Draconian Transmuter on Oct 21, 2020.
             Quit the game on level 4 of the Dungeon.
             The game lasted 00:04:12 (3750 turns).

DogServant the Ruffian (Pale Draconian Transmuter)  Turns: 3750, Time: 00:04:13

Health: 59/59      AC:  7    Str: 14    XL:     7   Next: 15%
Magic:  10/10      EV: 12    Int: 14    God:
Gold:   130        SH:  0    Dex: 11    Spells: 4/10 levels left

rFire    . . .     SeeInvis .     - Unarmed
rCold    . . .     Faith    .   (no shield)
rNeg     . . .     Spirit   .   (armour unavailable)
rPois    .         Reflect  .   (helmet restricted)
rElec    .         Harm     .   (no cloak)
rCorr    .         Rampage  .   (no gloves)
MR       .....                  d - +0 pair of boots
Stlth    +.........             (no amulet)
HPRegen  0.19/turn              (no ring)
MPRegen  0.12/turn              (no ring)

@: no status effects
A: breathe steam, unfitting armour, cold-blooded, AC +6
a: Breathe Steam


You were on level 4 of the Dungeon.
You visited 1 branch of the dungeon, and saw 4 of its levels.

You collected 130 gold pieces.

Inventory:

Missiles
 c - 28 poisoned darts (quivered)
Armour
 d - a +0 pair of boots (worn)
Jewellery
 f - an uncursed amulet of magic regeneration {unknown}
Wands
 i - a wand of digging (4)
Scrolls
 a - 7 scrolls of identify {unknown}
 e - a scroll of immolation {unknown}
 j - a scroll of remove curse {unknown}
 k - a scroll of teleportation {unknown}
 l - a scroll of fear {unknown}
 m - a scroll of fog {unknown}
Potions
 b - a potion of berserk rage
 g - a potion of haste {unknown}
 h - 3 potions of curing {unknown}


   Skills:
 - Level 4.2 Fighting
 - Level 1.7 Dodging
 + Level 6.2 Unarmed Combat
 - Level 2.0 Spellcasting
 + Level 4.2 Transmutations


You had 4 spell levels left.
You knew the following spells:

 Your Spells              Type           Power        Failure   Level
a - Beastly Appendage     Tmut           ##....       4%          1
b - Wereblood             Tmut           ##......     6%          2
c - Spider Form           Tmut/Pois      #.........   30%         3

Your spell library contained the following spells:

 Spells                   Type           Power        Failure   Level
 Ice Form                 Ice/Tmut       #.......     69%         4
 Blade Hands              Tmut           ##........   75%         5


Dungeon Overview and Level Annotations

Branches:
Dungeon (4/15)             Temple (0/1) D:4

Altars:
Nemelex Xobeh


Innate Abilities, Weirdness & Mutations

You can breathe blasts of scalding, opaque steam.
Your pale cyan-grey scales are hard. (AC +6)
You cannot fit into any form of body armour.
You are cold-blooded and may be slowed by cold attacks.


Message History

No target in view!
No target in view!
You see here a worker ant corpse.
c - 28 poisoned darts (gained 16)
An adder comes into view.
The adder hisses angrily.
An adder is nearby!
An adder is nearby!
You hit the adder.
The adder is heavily wounded.
The adder bites you but does no damage.
You punch the adder!
You kill the adder!
No target in view!
No target in view!
No target in view!
No target in view!
No target in view!
No target in view!
Are you sure you want to abandon this character and quit the game? (Confirm with "yes".)

##### ###
########.#.###########.#
.......@...............#
.........#..............
..
.#######.#.###########.†
#####.# #.#.# ########
...##.#.#.# #.#.# #...#
# ...##.#.#.# #.#.#
#...# # ...##.#.#.#
#.#.# #)..# #
#+###.#.#.#
#.#.######...# #
..†.......#
#.#..........# #


There were no monsters in sight!

Vanquished Creatures
  2 scorpions (D:4)
  A water moccasin skeleton (D:4)
  A jelly (D:3)
  2 orc priests (D:3)
  2 hounds (D:4)
  2 orc wizards
  3 worker ants (D:4)
  7 adders
  A dart slug (D:3)
  3 worms
  A leopard gecko (D:3)
  14 orcs
  4 giant cockroaches
  2 goblins
  3 hobgoblins (D:1)
  12 jackals
  A quokka (D:3)
  3 bats
  4 frilled lizards
  7 kobolds
  8 rats
83 creatures vanquished.

Notes
Turn   | Place    | Note
-------+----------+-------------------------------------------
     0 | D:1      | DogServant the Draconian Transmuter began the quest for the
                  | Orb.
     0 | D:1      | Reached XP level 1. HP: 16/16 MP: 3/3
   393 | D:1      | Reached XP level 2. HP: 24/24 MP: 5/5
   492 | D:1      | Found a sparkling altar of Nemelex Xobeh.
   657 | D:2      | Noticed an ogre
   800 | D:2      | Reached XP level 3. HP: 21/30 MP: 6/6
   886 | D:2      | You fall into a shaft and drop 1 floor!
  1223 | D:3      | Reached skill level 4 in Unarmed Combat
  1223 | D:3      | Reached XP level 4. HP: 4/38 MP: 7/7
  1642 | D:3      | Learned a level 2 spell: Wereblood
  1727 | D:3      | Reached XP level 5. HP: 46/46 MP: 6/8
  2134 | D:3      | Learned a level 3 spell: Spider Form
  2388 | D:3      | Reached skill level 5 in Unarmed Combat
  2590 | D:4      | Reached XP level 6. HP: 8/52 MP: 7/9
  3424 | D:4      | Reached skill level 6 in Unarmed Combat
  3424 | D:4      | Your scales start taking on a pale cyan-grey colour.
  3424 | D:4      | Reached XP level 7. HP: 43/59 MP: 10/10
  3649 | D:4      | Found a staircase to the Ecumenical Temple.
  3750 | D:4      | Quit the game

Illustrated notes

Levels and vault maps discovered:
D:1:      minmay_arrival_four_houses, layout_basic, nemelex_diamond_rough_becter
D:2:      layout_rooms, marbit_many_paths, overflow_temple_1_default
D:3:      layout_loops_ring
D:4:      layout_basic, minmay_temple_entry_mini_moons

Skill      XL: |  1  2  3  4  5  6  7 |
---------------+----------------------+-----
Fighting       | 2 3 4 |  4.2
Unarmed Combat | 4 5 6 |  6.2
Transmutations | 3 4 |  4.2
Dodging        | |  1.7
Spellcasting   | |  2.0

Action                   |  1- 3 |  4- 6 |  7- 9 || total
-------------------------+-------+-------+-------++-------
Melee: Unarmed           |   126 |   164 |    30 ||   320
       Tailslap          |    16 |    13 |     1 ||    30
       Kick              |     5 |    21 |     4 ||    30
       Headbutt          |     2 |     7 |     1 ||    10
       Punch             |       |     2 |       ||     2
 Cast: Beastly Appendage |     4 |     9 |     1 ||    14
       Wereblood         |       |     1 |       ||     1
  Use: Potion            |     1 |       |       ||     1
Armor: Skin              |    57 |    38 |    10 ||   105
Dodge: Dodged            |   116 |    94 |    17 ||   227

Table legend: (Time is in decaauts)
 A = Elapsed time spent in this place.
 B = Non-inter-level travel time spent in this place.
 C = Inter-level travel time spent in this place.
 D = Time resting spent in this place.
 E = Time spent auto-exploring this place.
 F = Levels seen in this place.
 G = Mean time per level.
                   A        B        C        D        E       F      G
               +--------+--------+--------+--------+--------+-----+--------+
         Total |   3737 |   3593 |    144 |    769 |   2275 |   4 |  934.2 |
       Dungeon |   3737 |   3593 |    144 |    769 |   2275 |   4 |  934.2 |
               +--------+--------+--------+--------+--------+-----+--------+

Top non-repeatable levels by time:
     D:3: 1671 daAuts
     D:4: 1182 daAuts
     D:1: 728 daAuts
     D:2: 155 daAuts
